 Dungeon Crawl Stone Soup version 0.22-a0-447-gee5f723 (webtiles) character file.

36 pk666 the Magician (level 3, 0/19 HPs)
             Began as a Deep Elf Wizard on June 3, 2018.
             Slain by a quokka (4 damage)
             ... on level 2 of the Dungeon.
             The game lasted 00:03:56 (1408 turns).

pk666 the Magician (Deep Elf Wizard)                Turns: 1408, Time: 00:03:57

Health: 0/19       AC:  2    Str:  4    XL:     3   Next: 19%
Magic:  2/11       EV: 13    Int: 23    God:
Gold:   66         SH:  0    Dex: 13    Spells: 9/12 levels left

rFire    . . .     SeeInvis .   h - +0 dagger
rCold    . . .     Gourm    .   (no shield)
rNeg     . . .     Faith    .   a - +0 robe
rPois    .         Spirit   .   b - +0 hat
rElec    .         Reflect  .   (no cloak)
rCorr    .         Harm     .   (no gloves)
MR       .....                  (no boots)
Stlth    ++........             (no amulet)
HPRegen  0.06/turn              (no ring)
MPRegen  0.12/turn              (no ring)

@: no status effects
A: no striking features
a: no special abilities


You were on level 2 of the Dungeon.
You were not hungry.

You visited 1 branch of the dungeon, and saw 2 of its levels.

You collected 66 gold pieces.

Inventory:

Hand Weapons
 h - a +0 dagger (weapon)
Armour
 a - a +0 robe (worn)
 b - a +0 hat (worn)
Scrolls
 c - a scroll of magic mapping {unknown}
 e - a scroll of immolation {unknown}
 g - a scroll of teleportation {unknown}
 i - a scroll of noise {unknown}
 j - a scroll of remove curse {unknown}
Potions
 f - a potion of mutation {unknown}
 k - a potion of haste {unknown}
 l - 2 potions of cancellation {unknown}
 m - a potion of magic {unknown}
Comestibles
 d - 2 rations


   Skills:
 + Level 3.2 Dodging
 - Level 2.4 Stealth
 + Level 5.0 Spellcasting
 + Level 2.1 Conjurations
   Level 1.1 Summonings
 - Level 1.1 Translocations


You had 9 spell levels left.
You knew the following spells:

 Your Spells              Type           Power        Failure   Level  Hunger
a - Magic Dart            Conj           ###.         3%          1    None
b - Blink                 Tloc           N/A          9%          2    None

Your spell library contained the following spells:

 Spells                   Type           Power        Failure   Level  Hunger
 Conjure Flame            Conj/Fire      ##......     19%         3    ##.....
 Slow                     Hex            #.......     14%         2    None
 Mephitic Cloud           Conj/Pois/Air  #.......     22%         3    ##.....
 Call Imp                 Summ           ##......     9%          2    None


Dungeon Overview and Level Annotations

Branches:
Dungeon (2/15)

Altars:
Uskayaw

Annotations:
D:1 exclusion: downstairs, Terence


Message History

The kobold is moderately wounded.
The kobold hits you with a short sword.
* * * LOW HITPOINT WARNING * * *
Casting: Magic Dart (safe; 3% risk of failure)
Confirm with . or Enter, or press ? or * to list all spells.
You don't have enough magic to cast that spell.
No previous command to re-do.
Casting: Magic Dart (safe; 3% risk of failure)
Confirm with . or Enter, or press ? or * to list all spells.
You don't have enough magic to cast that spell.
Unknown command.
The kobold hits you but does no damage.
A quokka comes into view.
The kobold hits you with a short sword.
* * * LOW HITPOINT WARNING * * *
The quokka misses you. The quokka misses you.
Your magical contamination has completely faded away.
The quokka bites you.
You die...

#### #..# #.## #.# #.#
##############.#
#............#.#
###.###.@###.###.#...#
........r# #.##....###
##..###..###.##†#### #
#.K.#####......# #.###
#.####.# ##.## ###.#
#...## #...## ##
#.#...###....###...
##........._......#


You could see a quokka and a kobold.

Vanquished Creatures
  An adder (D:2)
  A dart slug (D:1)
  5 bats
  A giant cockroach (D:2)
  4 goblins (D:1)
  4 hobgoblins (D:1)
  A jackal (D:1)
  3 kobolds
  3 rats (D:1)
23 creatures vanquished.

Notes
Turn   | Place    | Note
-------+----------+-------------------------------------------
     0 | D:1      | pk666 the Deep Elf Wizard began the quest for the Orb.
     0 | D:1      | Reached XP level 1. HP: 10/10 MP: 7/7
   238 | D:1      | Reached XP level 2. HP: 15/15 MP: 6/9
   921 | D:2      | Noticed Terence
  1132 | D:2      | Found a hide-covered altar of Uskayaw.
  1334 | D:2      | Learned a level 2 spell: Blink
  1365 | D:2      | Reached skill level 5 in Spellcasting
  1365 | D:2      | Reached XP level 3. HP: 11/19 MP: 3/11
  1408 | D:2      | Slain by a quokka

Vault maps used:
D:1:      tarquinn_simple_flora_water_b, minivault_11
D:2:      nicolae_overflow_crystal_walls, uniq_terence, uniq_crazy_yiuf_cottage,
          uniq_sigmund, uniq_natasha

Skill      XL: |  1  2 |
---------------+-------+-----
Dodging        | 3 |  3.2
Conjurations   | 2 |  2.1
Spellcasting   | 5 |  5.0
Stealth        | |  2.4
Summonings     | |  1.1
Translocations | |  1.1

Action                   || total
-------------------------++-------
 Cast: Magic Dart        ||    69
  Eat: Chunk             ||     1
Armor: Robe              ||     4
Dodge: Dodged            ||    15

Table legend:
 A = Spawn XP
 B = Non-spawn XP
 C = Spawn XP percentage of total XP
 D = Spawn monster count
 E = Non-spawn monster count
 F = Spawn count percentage of total count
 G = Total turns spent on level
                    A         B        C        D         E        F      G
               +---------+---------+-------+---------+---------+-------+---------
         Total |       0 |      52 |   0.0 |       0 |      23 |   0.0 |  1408
               +---------+---------+-------+---------+---------+-------+---------
           D:1 |       0 |      34 |   0.0 |       0 |      19 |   0.0 |  1121
           D:2 |       0 |      18 |   0.0 |       0 |       4 |   0.0 |   287
               +---------+---------+-------+---------+---------+-------+---------
